 Dungeon Crawl Stone Soup version 0.22.1-1-ga44c0e56f4 (webtiles) character file.

176 Nilun the Shield-Bearer (level 5, 0/42 HPs)
             Began as a Vine Stalker Fighter on Oct 10, 2018.
             Was an Initiate of Makhleb.
             Succumbed to a worker ant's poison
             ... on level 3 of the Dungeon.
             The game lasted 00:04:55 (1985 turns).

Nilun the Shield-Bearer (Vine Stalker Fighter)      Turns: 1985, Time: 00:04:55

Health: 0/42       AC: 22    Str: 20    XL:     5   Next: 56%
Magic:  6/6        EV:  2    Int:  8    God:    Makhleb [......]
Gold:   63         SH: 10    Dex: 18    Spells: 4/4 levels left

rFire    . . .     SeeInvis .   a - +0 long sword
rCold    . . .     Gourm    .   c - +0 shield
rNeg     + + +     Faith    .   (armour currently unavailable)
rPois    +         Spirit   +   (helmet currently unavailable)
rElec    .         Reflect  .   (cloak currently unavailable)
rCorr    .         Harm     .   (gloves currently unavailable)
MR       .....     NoTele   +   (boots currently unavailable)
Stlth    ++........             (no amulet)
HPRegen  0.54/turn              h - ring of attention (curse)
MPRegen  0.10/turn              (no ring)

@: agile, lethally poisoned (0 -> -3), tree-form
A: regeneration 1, magic shield, no potion heal 3, rot immunity
a: Renounce Religion


You were on level 3 of the Dungeon.
You worshipped Makhleb.
Makhleb was noncommittal.
You were not hungry.
You were a tree.
You visited 1 branch of the dungeon, and saw 3 of its levels.

You collected 63 gold pieces.

Inventory:

Hand Weapons
 a - a +0 long sword (weapon)
Armour
 b - a +0 scale mail (melded)
 c - a +0 shield (worn)
 i - a +0 helmet (melded)
Jewellery
 h - a cursed ring of attention (left branch)
Scrolls
 e - 4 scrolls of remove curse {unknown}
 j - 7 scrolls of identify {unknown}
 k - a scroll of magic mapping {unknown}
 l - a scroll of amnesia {unknown}
 n - a scroll of enchant armour {unknown}
Potions
 d - 2 potions of might
 o - a potion of lignification
Comestibles
 f - 5 rations
 g - 3 chunks of flesh


   Skills:
 + Level 3.2 Fighting
 + Level 3.3 Long Blades
 + Level 3.0 Armour
 + Level 0.7 Dodging
 + Level 0.2 Stealth
 + Level 3.4 Shields
 * Level 0.3 Invocations


You had 4 spell levels left.
You didn't know any spells.
Your spell library was empty.

Dungeon Overview and Level Annotations

Branches:
Dungeon (3/15)

Altars:
Makhleb
Qazlal
The Shining One

Annotations:
D:3 Robin


Innate Abilities, Weirdness & Mutations

((You have extremely sharp teeth.))
Your natural rate of healing is unusually fast.
When hurt, damage is shared between your health and your magic reserves.
((Your bite disrupts and absorbs the magic of your enemies.))
Potions cannot restore your health.
You are immune to rotting.


Message History

You kill the worker ant!
Makhleb accepts your kill.
* * * LOW HITPOINT WARNING * * *
You feel sick.
It was a potion of agility.
You feel agile all of a sudden.
* * * LOW HITPOINT WARNING * * *
You feel sick.
It was a potion of lignification.
You turn into a tree.
Your +0 helmet melds into your body.
Your +0 scale mail melds into your body.
Your roots penetrate the ground.
* * * LOW HITPOINT WARNING * * *
You feel sick.
There is a lethal amount of poison in your body!
There is a lethal amount of poison in your body!
There is a lethal amount of poison in your body!
* * * LOW HITPOINT WARNING * * *
You feel sick.
You die...

##.......##
#.........#
+.........+
#.........
#.......
####.....##
#.........#
#.####'##†# #.#
#.##♣# #.#
##.##.###### #.#
#............
#.###...#.#######
.#######)........#
.........#.###.###
########.#.# #.#
#...# #.#
####...##


There were no monsters in sight!

Vanquished Creatures
  A hound (D:2)
  A worker ant (D:3)
  Natasha (D:2)
  3 adders
  An ooze (D:1)
  A worm (D:2)
  2 leopard geckos (D:1)
  3 giant cockroaches
  6 goblins
  10 hobgoblins
  10 jackals
  2 kobolds (D:1)
  A ball python (D:2)
  8 bats
  3 frilled lizards (D:1)
  7 rats
60 creatures vanquished.

Notes
Turn   | Place    | Note
-------+----------+-------------------------------------------
     0 | D:1      | Nilun the Vine Stalker Fighter began the quest for the Orb.
     0 | D:1      | Reached XP level 1. HP: 11/11 MP: 2/2
    65 | D:1      | Reached XP level 2. HP: 4/16 MP: 1/3
   456 | D:1      | Reached XP level 3. HP: 17/19 MP: 2/4
  1180 | D:2      | Found a burning altar of Makhleb.
  1188 | D:2      | Gained mutation: Your natural rate of healing is unusually
                  | fast. [Vine Stalker growth]
  1188 | D:2      | Reached XP level 4. HP: 21/23 MP: 5/5
  1195 | D:2      | Became a worshipper of Makhleb the Destroyer
  1336 | D:2      | Found a glowing golden altar of the Shining One.
  1539 | D:2      | Found a stormy altar of Qazlal.
  1730 | D:2      | Noticed Natasha
  1745 | D:2      | Killed Natasha
  1745 | D:2      | Reached XP level 5. HP: 4/28 MP: 1/6
  1944 | D:3      | Noticed Robin
  1982 | D:3      | HP: 1/28 [poisoned by a worker ant]
  1985 | D:3      | Succumbed to a worker ant's poison

Skill      XL: |  1  2  3  4  5 |
---------------+----------------+-----
Long Blades    | 2 3 |  3.3
Shields        | 3 |  3.4
Fighting       | 3 |  3.2
Armour         | 3 |  3.0
Dodging        | |  0.7
Stealth        | |  0.2
Invocations    | |  0.3

Action                   |  1- 3 |  4- 6 || total
-------------------------+-------+-------++-------
Melee: Long sword        |    88 |    84 ||   172
       Bite              |    21 |    28 ||    49
  Use: Potion            |       |     2 ||     2
  Eat: Chunk             |     1 |     3 ||     4
Armor: Scale mail        |    50 |    37 ||    87
Dodge: Dodged            |    37 |    20 ||    57
Block: Shield            |    53 |    40 ||    93
       Rpst.: Long sword |    10 |     6 ||    16
